[Event "Late-Titled-Tuesday-Blitz-October-24-2023"]
[Site "Chess.com"]
[Date "2023.10.24"]
[Round "2"]
[White "meoluoi91"]
[Black "ejalmedina"]
[Result "1-0"]
[WhiteElo "2593"]
[BlackElo "2339"]
[TimeControl "180+1"]
[EndTime "14:19:08 PDT"]
[Termination "meoluoi91 won on time"]

1. d4 d5 2. c4 e6 3. Nf3 Nf6 4. Nc3 c5 5. cxd5 Nxd5 6. e4 Nxc3 7. bxc3 cxd4 8. cxd4 Bb4+ 9. Bd2 Bxd2+ 10. Qxd2 O-O 11. Be2 b6 12. O-O Bb7 13. Qe3 Nc6 14. Rfd1 Qf6 15. Rac1 Rac8 16. e5 Qe7 17. Ng5 Nb4 18. a3 Nd5 19.
Qg3 Rxc1 20. Rxc1 Rc8 21. Rxc8+ Bxc8 22. Ne4 Qc7 23. h4 Qc1+ 24. Kh2 Qf4 25. Nf6+ Kh8 26. Nxd5 Qxg3+ 27. Kxg3 exd5 28. Bb5 Kg8 29. Bc6 Be6 30. Kf4 Kf8 31. Ke3 Ke7 32. f4 f6 33. g3 g6 34.
Kd3 h6 35. Kc3 a5 36. Kb3 fxe5 37. dxe5 Kd8 38. Kc3 Kc7 39. Be8 Bf5 40. Kd4 Be4 41. Bb5 Kb7 42. e6 1-0

[Event "Late-Titled-Tuesday-Blitz-October-24-2023"]
[Site "Chess.com"]
[Date "2023.10.24"]
[Round "2"]
[White "dimitrisl"]
[Black "Fandorine"]
[Result "0-1"]
[WhiteElo "2598"]
[BlackElo "2906"]
[TimeControl "180+1"]
[EndTime "14:19:09 PDT"]
[Termination "Fandorine won on time"]

1. d4 Nf6 2. Nf3 g6 3. Bg5 Bg7 4. Nbd2 O-O 5. c3 d6 6. e3 Nc6 7. Be2 Qe8 8. O-O Nd7 9. e4 e5 10. dxe5 Ndxe5 11. Nxe5 Qxe5 12. Bh4 a5 13. a4 Qc5 14. Qb3 Be6 15. Qb5 b6 16. Bc4 Bxc4 17.
Nxc4 Qxb5 18. axb5 Na7 19. Na3 f5 20. f3 Rae8 21. Rae1 Re5 22. exf5 Rfxf5 23. Rxe5 Rxe5 24. Re1 Kf7 25. Rxe5 Bxe5 26. Bd8 d5 27. Kf2 Bd6 28. Ke2 Bxa3 29. bxa3 Nxb5 30. a4 Nxc3+ 31. Kd3 Nxa4 32. Bxc7 Ke6 33. g4 Kd7 34. Be5 Nc5+ 35. Kd4 Kc6 36. f4 a4 37. f5 gxf5 38. gxf5 b5 39. f6 Ne6+ 40. Kd3 Kd7 41. Kc3 d4+ 42. Kb4 Ke8 43. Kxb5 a3 44. Kc4 a2 45. Kd5 Kf7 0-1

[Event "Late-Titled-Tuesday-Blitz-October-24-2023"]
[Site "Chess.com"]
[Date "2023.10.24"]
[Round "2"]
[White "IMRosen"]
[Black "HanSchut"]
[Result "1-0"]
[WhiteElo "2630"]
[BlackElo "2301"]
[TimeControl "180+1"]
[EndTime "14:19:09 PDT"]
[Termination "IMRosen won on time"]

1. e4 c5 2. Nc3 Nc6 3. Bb5 Nd4 4. Nf3 Nxb5 5. Nxb5 a6 6. Nc3 g6 7. d4 Bg7 8. dxc5 Qa5 9. Bd2 Qxc5 10. Nd5 e6 11.
Bc3 f6 12. Nf4 Ne7 13. O-O Qc7 14. Qd2 O-O 15. Bb4 Bh6 16. Bd6 Bxf4 17. Qxf4 Qd8 18.
c4 Rf7 19. Rfd1 Nc6 20. b4 b5 21. Rac1 bxc4 22. Rxc4 e5 23. Qe3 Qe8 24. Qb6 Qe6 25. Rc2 h6 26. a4 f5 27. exf5 gxf5 28. Bc5 d5 29. Be3 Bd7 30. b5 axb5 31. axb5 Rb8 32. Qa6 Nb4 33. Qxe6 Bxe6 34. Rb2 d4 35. Nxe5 dxe3 36.
Nxf7 exf2+ 37. Kxf2 Rxb5 38. Nxh6+ Kh7 39. Kg1 Kxh6 40.
Rd6 Kg5 41. Rxe6 f4 42. Re1 1-0

[Event "Late-Titled-Tuesday-Blitz-October-24-2023"]
[Site "Chess.com"]
[Date "2023.10.24"]
[Round "2"]
[White "OK97"]
[Black "HalfIsCrayfish"]
[Result "1/2-1/2"]
[WhiteElo "2762"]
[BlackElo "2550"]
[TimeControl "180+1"]
[EndTime "14:19:10 PDT"]
[Termination "Game drawn by repetition"]

1. c4 Nf6 2. Nf3 d5 3. cxd5 Nxd5 4. Nc3 c5 5. e4 Nb4 6. Bc4 Nd3+ 7. Ke2 Nf4+ 8. Kf1 Ne6 9. Ne2 Nc6 10. h4 Ncd4 11.
Nexd4 Nxd4 12. Nxd4 cxd4 13. d3 e6 14. h5 Bd6 15.
Qg4 Kf8 16. h6 g6 17. Bg5 f6 18.
Bd2 e5 19. Qf3 Ke7 20. Rc1 Be6 21. Bxe6 Kxe6 22. g3 Rc8 23. Kg2 Qd7 24. Qd1 Ke7 25.
Qb3 b6 26. a4 Bc5 27. Rc4 Bd6 28. Rhc1 Rxc4 29. Qxc4 a5 30. b3 Rb8 31. b4 Qxa4 32.
Qa6 Qd7 33. bxa5 bxa5 34. Qxa5 Qb5 35. Qa7+ Qb7 36. Qa2 Qb3 37. Qa6 Qb5 38. Qa7+ Qb7 39. Qa2 Qb3 40. Qa6 Qb5 41. Qa7+ 1/2-1/2

[Event "Late-Titled-Tuesday-Blitz-October-24-2023"]
[Site "Chess.com"]
[Date "2023.10.24"]
[Round "2"]
[White "zajka-molotok"]
[Black "SchmakAttack"]
[Result "1-0"]
[WhiteElo "2554"]
[BlackElo "2745"]
[TimeControl "180+1"]
[EndTime "14:19:10 PDT"]
[Termination "zajka-molotok won on time"]

1. e4 g6 2. d4 Bg7 3. Nc3 d6 4. Be3 a6 5. Nf3 b5 6. Bd3 Nd7 7. Qd2 c5 8. a4 b4 9. Ne2 Ngf6 10. c3 a5 11. Ng3 O-O 12. O-O Ba6 13. Bxa6 Rxa6 14. Bh6 cxd4 15. cxd4 e5 16. Bxg7 Kxg7 17. Rfd1 Qa8 18. Qe3 Re8 19. d5 h6 20. Rac1 Nc5 21. b3 Ra7 22. Nh4 Kh7 23. Rc4 Qd8 24. Nf3 Nfd7 25.
Rdc1 Qe7 26. Nd2 Rc7 27. R4c2 Rec8 28. Nc4 Ra7 29. Nf1 Nf6 30. Nfd2 Nh5 31. g3 f5 32.
exf5 gxf5 33. Qf3 Kg6 34. Kh1 Nf6 35. Qe2 e4 36. Ne3 Rac7 37. Ndc4 Na6 38. g4 fxg4 39. Nxg4 Nc5 40. Nxf6 Qxf6 41. Rg1+ Kh7 42. Qg4 Rf8 43.
Re2 Re7 44. Re3 Ref7 45. Reg3 1-0

[Event "Late-Titled-Tuesday-Blitz-October-24-2023"]
[Site "Chess.com"]
[Date "2023.10.24"]
[Round "2"]
[White "KNVB"]
[Black "MajorCoast"]
[Result "1-0"]
[WhiteElo "2649"]
[BlackElo "2261"]
[TimeControl "180+1"]
[EndTime "14:19:11 PDT"]
[Termination "KNVB won by checkmate"]

1. d4 d5 2. Nc3 Nf6 3. Bf4 e6 4.
Nb5 Na6 5. e3 Be7 6. Nf3 O-O 7.
Ne5 c6 8. Nc3 Bd7 9. Bxa6 bxa6 10. Na4 c5 11. Nxc5 Bxc5 12. dxc5 Qa5+ 13. c3 Qxc5 14. g4 Bb5 15. a4 Bc6 16. Qd4 Qxd4 17.
exd4 Rac8 18. f3 Nd7 19. Nd3 Nb6 20. b3 Be8 21. Kd2 Nd7 22. Bd6 f5 23. Bxf8 Nxf8 24. gxf5 exf5 25. Rhe1 Bh5 26. Re3 Ng6 27. Rg1 f4 28. Re2 Bxf3 29. Rf2 Be4 30. Nxf4 Nxf4 31. Rxf4 Rb8 32. b4 a5 33. b5 a6 34. bxa6 Ra8 35. c4 Rxa6 36. Rxe4 dxe4 37. d5 Kf7 38. Ke3 Rb6 39. c5 Rb4 40. c6 Ke7 41.
Rxg7+ Kd6 42. Rd7+ Kc5 43. c7 Rb3+ 44. Kxe4 Kb6 45.
c8=Q h5 46. Rb7+ Ka6 47. Qa8# 1-0

[Event "Late-Titled-Tuesday-Blitz-October-24-2023"]
[Site "Chess.com"]
[Date "2023.10.24"]
[Round "2"]
[White "The_Sherman_Variation"]
[Black "Witik"]
[Result "1-0"]
[WhiteElo "2577"]
[BlackElo "2790"]
[TimeControl "180+1"]
[EndTime "14:19:12 PDT"]
[Termination "The_Sherman_Variation won by checkmate"]

1. e4 c6 2. d4 d5 3. e5 Bf5 4. Nf3 e6 5. Be2 Nd7 6. c3 h6 7. O-O Ne7 8. Na3 c5 9. Nc2 Nc6 10. Be3 Rc8 11. dxc5 Bxc5 12. Bxc5 Nxc5 13. Ncd4 Bh7 14. Nxc6 bxc6 15. Nd4 Qb6 16. b4 Nd7 17. Bd3 Bxd3 18. Qxd3 O-O 19. Qg3 c5 20. bxc5 Nxc5 21. Rfb1 Qa6 22. Qe3 Ne4 23. Rb3 Rc4 24. f3 Nc5 25. Rb4 Rc8 26. Rab1 Qxa2 27. Rb8 Nd7 28. Rxc8+ Rxc8 29. Rb7 Nb6 30. h4 Rf8 31. h5 Nc4 32.
Qf4 Qa1+ 33. Kh2 Qxc3 34. Nc6 Ne3 35. Ne7+ Kh8 36. Ng6+ Kg8 37. Nxf8 Nf5 38. Nd7 Qe1 39. Rb8+ Kh7 40. Nf8+ Kg8 41. Nxe6+ Kh7 42. Nf8+ Kg8 43. Ng6+ Kh7 44. Rh8# 1-0

[Event "Late-Titled-Tuesday-Blitz-October-24-2023"]
[Site "Chess.com"]
[Date "2023.10.24"]
[Round "2"]
[White "louis198"]
[Black "SlippperyWhenWet"]
[Result "1-0"]
[WhiteElo "2657"]
[BlackElo "2349"]
[TimeControl "180+1"]
[EndTime "14:19:12 PDT"]
[Termination "louis198 won by checkmate"]

1. d4 Nf6 2. Bf4 d6 3. e3 Nbd7 4. h3 e5 5. Bh2 Be7 6. Nf3 e4 7.
Nfd2 d5 8. c4 c6 9. Nc3 O-O 10.
Be2 Nb6 11. O-O Be6 12. cxd5 cxd5 13. Nb5 a6 14. Nc7 Rc8 15. Nxe6 fxe6 16. Rc1 Qd7 17. Qb3 Rc6 18. Rxc6 Qxc6 19. f3 exf3 20. Nxf3 Nbd7 21. Bd3 Ne4 22. Bxe4 dxe4 23. Nd2 Rxf1+ 24. Nxf1 Nb6 25. Ng3 Qc1+ 26. Nf1 Qc6 27. Bg3 Nd5 28. Bf2 Bd6 29.
a3 b5 30. Qd1 e5 31. Qg4 exd4 32. Qxe4 dxe3 33. Nxe3 Ne7 34. Qe6+ Kf8 35. Kh1 Qc1+ 36.
Bg1 Qc5 37. Ng4 Qd5 38. Qd7 Qc6 39. Qd8+ Kf7 40. b4 h5 41. Nf2 Qc7 42. Qh8 g6 43. Ne4 Be5 44. Qh7+ Ke6 45. Nc5+ Kf5 46. Qf7+ Bf6 47.
Qe6+ Kg5 48. Be3+ Kh4 49. Qxf6+ g5 50. Qxg5# 1-0

[Event "Late-Titled-Tuesday-Blitz-October-24-2023"]
[Site "Chess.com"]
[Date "2023.10.24"]
[Round "2"]
[White "Karttunen"]
[Black "GAO"]
[Result "1-0"]
[WhiteElo "2584"]
[BlackElo "2336"]
[TimeControl "180+1"]
[EndTime "14:19:13 PDT"]
[Termination "Karttunen won by checkmate"]

1. e4 c5 2. Nf3 Nc6 3. d4 cxd4 4.
Nxd4 g6 5. c4 Bg7 6. Be3 Qb6 7.
Nb5 Qd8 8. N1c3 Nf6 9. Be2 O-O 10.
O-O d6 11. h3 Be6 12. Rc1 a6 13. Nd4 Nxd4 14. Bxd4 Qa5 15. b3 b5 16. cxb5 axb5 17.
Bxb5 Nxe4 18. Bxg7 Kxg7 19. Qd4+ Nf6 20. Bc6 Rac8 21.
b4 Qd8 22. b5 Bd7 23. Nd5 e5 24. Qc4 Be6 25. Rfd1 Bxd5 26. Rxd5 Nxd5 27. Qxd5 Qe7 28. b6 Rfd8 29. a4 Qg5 30. Rd1 Qh5 31. Ra1 Qe2 32. b7 Rb8 33. a5 Qb2 34. Rd1 Qa3 35. a6 Qxa6 36. h4 h6 37. Rd3 Qa1+ 38. Kh2 Qc1 39.
Rf3 Rf8 40. Qxd6 Qb2 41. Qf6+ Kh7 42. h5 Qd4 43. g3 e4 44. Qxd4 exf3 45. Bxf3 gxh5 46.
Qf6 Rbe8 47. Bxh5 Re6 48. Qf5+ Kg7 49. Bf3 Rf6 50. Qg4+ Kh7 51. Kg2 Rg8 52. Qe4+ Kg7 53.
Qe5 Rd8 54. b8=Q Rxb8 55. Qxb8 Re6 56. Qf4 Rf6 57. Qe5 h5 58. Bxh5 Kh7 59. Qxf6 Kg8 60. Bxf7+ Kh7 61. Qg6+ Kh8 62. Qg8# 1-0

[Event "Late-Titled-Tuesday-Blitz-October-24-2023"]
[Site "Chess.com"]
[Date "2023.10.24"]
[Round "2"]
[White "Tunahan_Makaraci"]
[Black "Andrei_Skvortsov"]
[Result "1-0"]
[WhiteElo "2430"]
[BlackElo "2655"]
[TimeControl "180+1"]
[EndTime "14:19:15 PDT"]
[Termination "Tunahan_Makaraci won by checkmate"]

1. e4 c5 2. c3 a6 3. Nf3 Nf6 4. e5 Nd5 5. Bc4 Nb6 6. Bb3 c4 7. Bc2 d5 8. exd6 e6 9. O-O Bxd6 10. Qe2 N8d7 11. Na3 Bxa3 12. bxa3 Qc7 13. a4 Nd5 14. Ba3 b5 15. axb5 axb5 16. Bb4 Nxb4 17. cxb4 Bb7 18. a4 bxa4 19. Bxa4 O-O 20. Rfc1 Nb6 21. Bb5 Rxa1 22. Rxa1 Qf4 23. Qe3 Qf6 24. Ra7 Bxf3 25. Qxf3 Qb2 26. h3 Qxd2 27. Rb7 Qe1+ 28. Kh2 Qe5+ 29. Qg3 Qxb5 30.
Qd6 Qf5 31. Rxb6 h5 32. Rc6 Qxf2 33. Rxc4 Ra8 34. Rf4 Qe3 35. Rf3 Qe4 36. Qd7 Qg6 37. b5 Rb8 38. b6 f6 39. Qxe6+ Qf7 40. Qd6 Qb7 41. Rb3 Rc8 42. Qe6+ Kh7 43. Rb5 g6 44. Qxf6 Rc6 45. Qd8 Kg7 46. Re5 Qxb6 47. Re7+ Kh6 48.
Qf8+ Kg5 49. Re5+ Kh4 50. Qf4# 1-0

[Event "Late-Titled-Tuesday-Blitz-October-24-2023"]
[Site "Chess.com"]
[Date "2023.10.24"]
[Round "2"]
[White "ShahxaibKhan"]
[Black "Maluco_do_Natal_00"]
[Result "1-0"]
[WhiteElo "2424"]
[BlackElo "2026"]
[TimeControl "180+1"]
[EndTime "14:19:15 PDT"]
[Termination "ShahxaibKhan won by checkmate"]

1. e4 c5 2. Nc3 Nc6 3. f4 d6 4.
Nf3 Bg4 5. Bb5 e6 6. h3 Bxf3 7. Qxf3 Be7 8. O-O Rc8 9. b3 a6 10. Bxc6+ Rxc6 11. Bb2 Nf6 12. Rad1 O-O 13. Kh1 Nd7 14.
Bc1 Bf6 15. Ne2 c4 16. c3 Qa5 17. bxc4 Rxc4 18. a3 e5 19. d3 Rcc8 20. Qg4 Qa4 21. c4 exf4 22. Bxf4 Ne5 23. Bxe5 dxe5 24. Nc3 Qc6 25.
Nd5 Kh8 26. Rxf6 gxf6 27. Rf1 Rg8 28. Qh5 Rg6 29. Qf5 Qe6 30. Qf3 Rc6 31. Rf2 Kg7 32.
Ne3 Kh8 33. Qh5 b5 34. cxb5 axb5 35. Kh2 Rc1 36. Ng4 Kg7 37. Ne3 Rc3 38. Rb2 Rxd3 39. Nf5+ Kf8 40. Rc2 Rd8 41. Rc7 Rg5 42. Qxh7 Rxf5 43.
Qh8# 1-0

[Event "Late-Titled-Tuesday-Blitz-October-24-2023"]
[Site "Chess.com"]
[Date "2023.10.24"]
[Round "2"]
[White "ContrVersia"]
[Black "Cipy77"]
[Result "1-0"]
[WhiteElo "2867"]
[BlackElo "2574"]
[TimeControl "180+1"]
[EndTime "14:19:17 PDT"]
[Termination "ContrVersia won by resignation"]

1. Nf3 Nf6 2. c4 e6 3. g3 b6 4.
Bg2 Bb7 5. O-O Be7 6. d4 O-O 7. Re1 c5 8. d5 exd5 9. Nh4 Re8 10. Nf5 Bf8 11. Nc3 d6 12. Nxd5 Nxd5 13. Bxd5 Bxd5 14. Qxd5 Na6 15. Bf4 Nb4 16. Qd2 Qd7 17. e4 Rad8 18. a3 Nc6 19. f3 g6 20. Nh6+ Bxh6 21.
Bxh6 Ne5 22. Qc3 Qh3 23. Bf4 Qe6 24. b3 Nc6 25. Kg2 Nd4 26. Be3 Nc6 27. Bg5 Rd7 28.
Rad1 Qe5 29. Bf6 Qxc3 30. Bxc3 Re6 31. g4 f6 32. h4 Kf7 33. g5 f5 34. exf5 gxf5 35.
Rxe6 Kxe6 36. h5 Kf7 37. Kg3 Ne7 38. Bf6 Ng8 39. Be5 Ke6 40. Bc3 Ne7 41. Bf6 Ng8 42.
Bb2 d5 43. cxd5+ Rxd5 44. Rxd5 Kxd5 45. Kf4 Ke6 46. g6 hxg6 47. hxg6 b5 48. Kg5 a5 49.
a4 bxa4 50. bxa4 Ne7 51. Bc3 Nd5 52. Bxa5 c4 53. Kh6 Kf6 54. g7 Kf7 55. Kh7 Nf6+ 56.
Kh8 Ng8 57. Bc3 Ne7 58. Kh7 Ng6 59. g8=Q+ 1-0

[Event "Late-Titled-Tuesday-Blitz-October-24-2023"]
[Site "Chess.com"]
[Date "2023.10.24"]
[Round "2"]
[White "victormago"]
[Black "dianamirza"]
[Result "1-0"]
[WhiteElo "2413"]
[BlackElo "1996"]
[TimeControl "180+1"]
[EndTime "14:19:18 PDT"]
[Termination "victormago won by checkmate"]

1. d4 Nf6 2. c4 g6 3. Nc3 Bg7 4. e4 d6 5. Be2 O-O 6. Bg5 e5 7. d5 h6 8. Be3 Kh7 9. f3 Na6 10. g4 Nc5 11. b4 Na6 12. a3 Ng8 13. h4 f5 14. h5 f4 15. hxg6+ Kxg6 16. Bf2 Nf6 17. Qb3 Rh8 18. O-O-O Nb8 19. Bd3 a5 20. Nge2 axb4 21. axb4 Bd7 22. Kb2 c6 23. Ra1 Na6 24. dxc6 bxc6 25. c5 Nxb4 26. Qxb4 Rb8 27. Bb5 cxb5 28.
cxd6 Be6 29. Ra7 Bc4 30. Rha1 Ne8 31. Bc5 h5 32. d7 Nf6 33. gxh5+ Rxh5 34. Rg1+ Kf7 35.
Rg2 Nxd7 36. Bd6 Ra8 37. Rxa8 Qxa8 38. Bc7 Bf8 39. Bd6 Rh8 40. Bxf8 Rxf8 41. Qd6 Bxe2 42.
Qxd7+ Kf6 43. Rxe2 Rf7 44. Nd5+ Kg7 45. Rg2+ Kf8 46.
Qd6+ Ke8 47. Rg8+ Rf8 48. Rxf8# 1-0

[Event "Late-Titled-Tuesday-Blitz-October-24-2023"]
[Site "Chess.com"]
[Date "2023.10.24"]
[Round "2"]
[White "Aemulus20"]
[Black "acertijo08"]
[Result "1-0"]
[WhiteElo "2642"]
[BlackElo "2346"]
[TimeControl "180+1"]
[EndTime "14:19:19 PDT"]
[Termination "Aemulus20 won by resignation"]

1. Nf3 Nf6 2. c4 e6 3. e3 d5 4. b3 c5 5. Bb2 Nc6 6. cxd5 exd5 7. Bb5 Bd6 8. O-O O-O 9. d4 Bg4 10. dxc5 Bxc5 11. Be2 a6 12. Nc3 Ba7 13. h3 Bh5 14. Rc1 Re8 15. Na4 Ne4 16. Nd4 Bxe2 17. Nxe2 Qd6 18. Nd4 Bb8 19. f4 Nf6 20. Nc5 Nxd4 21. Bxd4 b6 22. Nd3 Ra7 23. Ne5 Rc7 24. Qd3 b5 25. Rxc7 Bxc7 26. Rc1 Qd8 27. Rc6 Ne4 28. Rxa6 f6 29. Nc6 Qd7 30. Qxb5 Qf5 31. Ra7 Bd6 32. Nb4 Rf8 33. Qxd5+ Qxd5 34. Nxd5 Ng3 35. Kf2 Ne4+ 36. Ke2 Rc8 37. Ne7+ Bxe7 38. Rxe7 Nd6 39. Ra7 Nb5 40. Ra5 Nxd4+ 41. exd4 Rc2+ 42. Kf3 Rd2 43. d5 Kf7 44. b4 Rb2 45. Ra7+ Kg6 46. a3 Rd2 47. Ra5 f5 48. g4 fxg4+ 49. hxg4 Rd3+ 50. Ke4 h5 51. gxh5+ Kxh5 52. Kxd3 Kg4 53. d6 Kxf4 54. d7 1-0

[Event "Late-Titled-Tuesday-Blitz-October-24-2023"]
[Site "Chess.com"]
[Date "2023.10.24"]
[Round "2"]
[White "SergioMoralesG"]
[Black "Malev212"]
[Result "0-1"]
[WhiteElo "2412"]
[BlackElo "2645"]
[TimeControl "180+1"]
[EndTime "14:19:21 PDT"]
[Termination "Malev212 won on time"]

1. d4 Nf6 2. c4 g6 3. Nc3 Bg7 4. e4 O-O 5. Nf3 d6 6. Be2 Bg4 7. Be3 Nfd7 8. O-O Nc6 9. d5 Bxf3 10. Bxf3 Na5 11. Be2 Bxc3 12. bxc3 e5 13. f4 exf4 14. Bxf4 Qe7 15. Qd4 Rfe8 16. Bd3 b6 17. Rae1 Ne5 18. Be2 Nb7 19. Bg3 Nc5 20. Rf4 Ned7 21. Bd1 Ne5 22.
Be2 a5 23. h3 a4 24. Kh2 a3 25. Ref1 Rf8 26. Qd2 f6 27. h4 Kg7 28. Qd4 h6 29. h5 g5 30. Rf5 Ned7 31. Bf3 Rae8 32. Re1 Ne5 33. Be2 Qf7 34. Kg1 Re7 35. Bf1 Qe8 36. Qd1 Ned7 37. Bd3 Nxe4 38. Bxe4 Rxe4 39. Ref1 Re3 40.
Bh2 Qe4 41. R5f2 Re8 42. Qb3 Nc5 43. Qxa3 Re1 44. Qb2 Nd3 45. Qb5 Nxf2 46. Qd7+ Re7 0-1

[Event "Late-Titled-Tuesday-Blitz-October-24-2023"]
[Site "Chess.com"]
[Date "2023.10.24"]
[Round "2"]
[White "IMSlavin"]
[Black "iJueles"]
[Result "1-0"]
[WhiteElo "2221"]
[BlackElo "2468"]
[TimeControl "180+1"]
[EndTime "14:19:26 PDT"]
[Termination "IMSlavin won by resignation"]

1. e4 c6 2. d4 d5 3. e5 Bf5 4.
Nf3 e6 5. Be2 Nd7 6. O-O h6 7.
c3 Ne7 8. a3 g5 9. b4 Bg7 10.
Nbd2 O-O 11. Nb3 Ng6 12. Bd3 Bxd3 13. Qxd3 Rc8 14. Nc5 b6 15. Nxd7 Qxd7 16. Be3 Rc7 17. Rfb1 Ne7 18. a4 Nf5 19. a5 b5 20. Bd2 a6 21. g4 Ne7 22. h4 gxh4 23. Nxh4 Qd8 24. Kg2 f6 25. exf6 Rxf6 26. Rh1 Nc8 27. Ng6 Qe8 28. Ne5 Nd6 29. f3 Nc4 30. Rh5 Nxe5 31. dxe5 Qg6 32. Qxg6 Rxg6 33. Rah1 c5 34. Bxh6 cxb4 35.
Bxg7 Rgxg7 36. cxb4 Rc2+ 37. Kg3 Rc4 38. Rh6 Kf7 39.
Rf6+ Ke7 40. Rhh6 Rc6 41. f4 d4 42. Kf3 d3 43. g5 Rf7 44. Ke3 Rxf6 45. gxf6+ Kf7 46.
Kxd3 Rc4 47. Rh7+ Kg6 48. Rg7+ Kh6 49. Re7 Rxf4 50. Rxe6 Rxb4 51. Rxa6 Kg6 52. Rb6 Ra4 53. Rxb5 Kf7 54. Rb7+ Ke6 55. f7 Rf4 56. a6 Kxe5 57.
a7 1-0

[Event "Late-Titled-Tuesday-Blitz-October-24-2023"]
[Site "Chess.com"]
[Date "2023.10.24"]
[Round "2"]
[White "Rodalquilar"]
[Black "rdarruda"]
[Result "0-1"]
[WhiteElo "2735"]
[BlackElo "2548"]
[TimeControl "180+1"]
[EndTime "14:19:27 PDT"]
[Termination "rdarruda won by checkmate"]

1. d4 Nf6 2. Nf3 e6 3. Bf4 d5 4. e3 c5 5. Nbd2 Nc6 6. c3 Bd6 7. Bg3 O-O 8. Bb5 Bxg3 9. hxg3 Qb6 10. a4 a6 11. Bxc6 Qxc6 12. Ne5 Qc7 13. Qc2 g6 14. g4 Kg7 15. g5 Nd7 16. Ndf3 Nxe5 17. Nxe5 Bd7 18.
Qe2 f6 19. gxf6+ Rxf6 20. Qg4 cxd4 21. exd4 Rh8 22. Qg3 h6 23. Rh4 Be8 24. O-O-O Bxa4 25. Rdh1 Be8 26. Rxh6 Rxh6 27. Rxh6 Qa5 28. Kb1 Kxh6 29. Ng4+ Kg7 30. Qd6 Bf7 31. Qe5 Qd8 32. f4 Qe7 33.
g3 Be8 34. Kc1 Bd7 35. Kd2 Kf7 36. Nh6+ Ke8 37. Ng8 Rf5 38. Qh8 Rf8 39. Nxe7 Rxh8 40. Nxg6 Rh2+ 41. Kd3 Rxb2 42. Ne5 Bb5+ 43. Ke3 a5 44. c4 dxc4 45. d5 exd5 46. f5 a4 47. Kd4 a3 48. g4 a2 49. Kc5 a1=Q 50. Kd6 Qa3+ 51. Ke6 Re2 52. Kf6 Qc3 53. g5 Qxe5+ 54. Kg6 Kf8 55. f6 Be8+ 56. Kh7 Rh2# 0-1

[Event "Late-Titled-Tuesday-Blitz-October-24-2023"]
[Site "Chess.com"]
[Date "2023.10.24"]
[Round "2"]
[White "zverr1"]
[Black "NikolaGry"]
[Result "0-1"]
[WhiteElo "2507"]
[BlackElo "2727"]
[TimeControl "180+1"]
[EndTime "14:19:27 PDT"]
[Termination "NikolaGry won on time"]

1. e4 d5 2. exd5 Nf6 3. Nc3 Nxd5 4. Nxd5 Qxd5 5. Qf3 c6 6. Qxd5 cxd5 7. d4 Nc6 8. c3 Bd7 9. Bf4 e6 10. Bd3 Be7 11. Nf3 O-O 12. O-O Rfc8 13. Rfe1 h6 14. h3 Bf6 15. Kf1 a6 16. a4 Na5 17. Nd2 Be7 18.
Rec1 b5 19. axb5 axb5 20. b4 Nc4 21. Nb3 g5 22. Bg3 Ra4 23. Bxc4 Rxc4 24. Rxa4 bxa4 25. Nc5 Bxc5 26. bxc5 a3 27. Ke2 a2 28. Ra1 Ra4 29. Kd2 Bb5 30. f4 f6 31. fxg5 hxg5 32. h4 gxh4 33.
Bxh4 Kg7 34. Kc2 e5 35. dxe5 Rxh4 36. exf6+ Kxf6 37. Rxa2 Bc4 38. Ra8 Ke6 39. Rg8 Rf4 40.
Kd2 Kd7 41. Ke3 Re4+ 42. Kf3 Re2 43. g4 Rc2 44. Kf4 Rxc3 45. g5 d4 46. Rg7+ Kc6 47.
g6 d3 48. Ke3 Rc2 49. Ra7 Re2+ 50. Kd4 d2 51. Ra1 Re1 0-1

[Event "Late-Titled-Tuesday-Blitz-October-24-2023"]
[Site "Chess.com"]
[Date "2023.10.24"]
[Round "2"]
[White "Nyzhnyk_Illia"]
[Black "WPWPWP-2015"]
[Result "1/2-1/2"]
[WhiteElo "2836"]
[BlackElo "2581"]
[TimeControl "180+1"]
[EndTime "14:19:30 PDT"]
[Termination "Game drawn by agreement"]

1. d4 Nf6 2. c4 c6 3. Nf3 d5 4. e3 Bf5 5. Nc3 e6 6. Nh4 Bg6 7. Qb3 Qc7 8. Bd2 Nbd7 9. Nxg6 hxg6 10. g3 Be7 11. Bg2 O-O 12. O-O dxc4 13. Qxc4 e5 14. dxe5 Nxe5 15. Qe2 Rad8 16. Rfd1 Nd3 17. b3 Nb4 18.
Be1 Rxd1 19. Nxd1 Rd8 20. a3 Nd3 21. Bc3 Nc5 22. b4 Ne6 23. Rc1 Nd5 24. Ba1 Qd7 25.
Nc3 Nxc3 26. Bxc3 Bf6 27. Bxf6 gxf6 28. a4 a6 29. b5 cxb5 30. axb5 Qxb5 31. Qxb5 axb5 32.
Rb1 Nc7 33. Bxb7 Rb8 34. Be4 f5 35. Bd3 b4 36. Kf1 Ne6 37. Ke2 Nc5 38. Bc4 Ne4 39.
Rb2 Kg7 40. Bb3 g5 41. Kd3 g4 42. Kd4 Kg6 43. Bd5 Nf6 44. Bc6 Rh8 45. Rxb4 Rxh2 46.
Rb2 Rh8 47. Ke5 Kg5 48. Rb7 Rf8 49. Bg2 Re8+ 50. Kd4 Kg6 51. Rb6 Rd8+ 52. Kc3 Rc8+ 53. Kd2 Rd8+ 54. Ke2 Rd7 55. Bb7 Re7 56. Bc8 Re5 57.
Ba6 Rc5 58. Kd3 Kg5 59. Rb7 Rd5+ 60. Ke2 Rd7 61. Rb2 Ne4 62. Rc2 Rd6 63. Bd3 Nf6 64.
Rc5 Rd5 65. Rc7 Rd7 66. Rc8 Kg6 67. Rc5 Rd5 68. Rc6 Kg5 69. Rc7 Rd7 70. Rc4 Rd6 71. Rf4 Rd5 72. Bc4 Rd7 73. Rd4 Rc7 74. Kd3 Kg6 75.
Rd6 Kg5 76. Kd4 Re7 77. Bd3 Ne4 78. Rd5 Kg6 79. Bc2 Kf6 1/2-1/2

[Event "Late-Titled-Tuesday-Blitz-October-24-2023"]
[Site "Chess.com"]
[Date "2023.10.24"]
[Round "2"]
[White "Emeraldddd"]
[Black "Krakozia"]
[Result "1/2-1/2"]
[WhiteElo "2613"]
[BlackElo "2941"]
[TimeControl "180+1"]
[EndTime "14:19:32 PDT"]
[Termination "Game drawn by repetition"]

1. e4 c5 2. Nf3 e6 3. c3 d5 4. exd5 Qxd5 5. d4 Nf6 6. Be3 cxd4 7. cxd4 Nc6 8. Nc3 Qd6 9. Bd3 Be7 10. O-O O-O 11. a3 Rd8 12. Qe2 b6 13. Rad1 Bb7 14.
Bb1 Rac8 15. Qd3 g6 16. Rfe1 Qd7 17. Ba2 Qe8 18. Qe2 Qf8 19. Bg5 Re8 20. Qd2 Qg7 21. Bh6 Qh8 22. d5 exd5 23. Nxd5 Nxd5 24. Qxd5 Qf6 25.
Ng5 Nd8 26. Qd7 Qc6 27. Qxc6 Bxc6 28. Rxd8 Rcxd8 29. Nxf7 Bd5 30. Nxd8 Bxa2 31. Nc6 Kf7 32. Ne5+ Kg8 33. Nc6 Kf7 34. Nxe7 Rxe7 35. Rxe7+ Kxe7 36. Kf1 Bd5 37. g3 a5 38. Ke2 a4 39. Ke3 b5 40. Kd4 Bc4 41. f4 Kf7 42. Ke5 Bd3 43. Bg5 h5 44. Bd8 Bc2 45. Bb6 Bd3 46. Bc5 Bc2 47.
Bb4 Bd3 48. Bc3 Bc2 49. Kd4 Bf5 50. Ke3 Ke6 51. Kd4 Kf7 52. Kc5 Bd3 53. Kb4 Be2 54.
h3 Bf1 55. h4 Ke6 56. Kc5 Kf5 57. Kd4 Bc4 58. Ke3 Kg4 59. Kf2 Bd5 60. Be5 Bc4 61. Bc3 Bd5 62. Be5 Bb3 63. Bc3 Be6 64.
Be5 Bc4 65. Bc3 1/2-1/2

[Event "Late-Titled-Tuesday-Blitz-October-24-2023"]
[Site "Chess.com"]
[Date "2023.10.24"]
[Round "2"]
[White "vangulio"]
[Black "mbojan"]
[Result "0-1"]
[WhiteElo "2527"]
[BlackElo "2774"]
[TimeControl "180+1"]
[EndTime "14:19:32 PDT"]
[Termination "mbojan won by resignation"]

1. e4 g6 2. d4 Nf6 3. Nc3 d5 4. e5 Ne4 5. Bd3 Nxc3 6. bxc3 c5 7. h4 h5 8. Nh3 Nc6 9. Be3 Qa5 10. Bd2 c4 11.
Be2 Bxh3 12. Rxh3 e6 13. g4 hxg4 14. Bxg4 Be7 15. h5 gxh5 16. Rxh5 Kd7 17. Qf3 Rxh5 18. Bxh5 Rf8 19. Ke2 f5 20. exf6 Rxf6 21. Qg3 Qc7 22.
Qxc7+ Kxc7 23. Rg1 Rf8 24. Rg7 Kd7 25. Bg4 Nd8 26.
f4 Rf7 27. Rg8 Bd6 28. Kf3 Rf6 29. Rg7+ Rf7 30. Rg5 Ke7 31. Bh5 Rh7 32. Kg4 Nf7 33.
Bxf7 Rxf7 34. f5 exf5+ 35. Rxf5 Rxf5 36. Kxf5 Kd7 37. Bg5 Ba3 38. Ke5 Kc6 39. Ke6 Bb2 40. Bd2 b5 41. Be1 a5 42. Ke7 Bc1 43. Kd8 Bf4 44.
Kc8 Bd6 45. Bd2 b4 46. Be1 Be7 47. Bd2 bxc3 48. Bxc3 Bb4 49. Bb2 Bd2 50. c3 Be1 51. Kb8 a4 52. Ka7 a3 53. Ba1 Bd2 54. Ka6 Bc1 55.
Ka5 Bb2 56. Ka4 Bxa1 57. Kxa3 Bxc3 58. Ka4 Bxd4 59. a3 Bc5 60. Ka5 Bxa3 61. Ka4 Bc5 62. Ka5 d4 63. Ka6 d3 0-1